 Dungeon Crawl Stone Soup version 0.29.1-15-g9cfb28693d (webtiles) character file.

Game seed: 8515751626260538544

41 croobank the Sneak (level 3, -6/26 HPs)
             Began as an Octopode Delver on Mar 14, 2023.
             Mangled by a kobold brigand
             ... wielding a +0 whip
              (7 damage)
             ... in a sewer.
             The game lasted 00:02:01 (361 turns).

croobank the Sneak (Octopode Delver)                 Turns: 361, Time: 00:02:01

Health: -6/26      AC:  1    Str:  8 (11) XL:     3   Next: 52%
Magic:  3/3        EV: 13    Int: 12 (14) God:
Gold:   28         SH:  0    Dex: 12 (13) Spells: 2/2 levels left

rFire   . . .      SeeInvis .   g - +1 trident (flame)
rCold   . . .      Faith    .   (no shield)
rNeg    . . .      Spirit   .   (helmet restricted)
rPois   .          Reflect  .   (no amulet)
rElec   .          Harm     .   (no ring)
rCorr   .          Rampage  .   (no ring)
Will    .....                   (no ring)
Stlth   +++++.....              (no ring)
HPRegen 0.08/turn               (no ring)
MPRegen 0.08/turn               (no ring)
                                (no ring)
                                (no ring)

@: no status effects
A: almost no armour, amphibious, 8 rings, camouflage 1, gelatinous body 1,
nimble swimmer 1, tentacles
a: no special abilities


You were in a sewer.
You visited 1 branch of the dungeon, and saw 3 of its levels.
You also visited: Sewer.

You collected 28 gold pieces.

Inventory:

Hand Weapons
 c - a +0 flail
 f - a +0 rapier
 g - a +1 trident of flaming (weapon)
Wands
 e - a wand of digging (3)
Scrolls
 a - a scroll of fog
Potions
 d - a potion of haste


   Skills:
 + Level 3.4 Fighting
 + Level 2.5 Dodging
 + Level 7.0 Stealth
 + Level 2.5 Unarmed Combat


You had 2 spell levels left.
You didn't know any spells.
Your spell library was empty.

Dungeon Overview and Level Annotations

Branches:
Dungeon (6/15)              Sewer (1/1)
 Temple: D:4-7

Altars:

Annotations:
D:4 exclusion: orc priest


Innate Abilities, Weirdness & Mutations

You cannot wear most types of armour.
You are amphibious.
You can wear up to eight rings at the same time.
Your skin changes colour to match your surroundings (Stealth+).
Your rubbery body absorbs attacks. (AC +1, EV +1)
You are camouflaged when in or above water. (Stealth+)
You have tentacles for arms and can constrict up to eight enemies at once.


Message History

You puncture the rat! You burn the rat.
You kill the rat!
No target in view!
You see here a rat corpse.
A jackal comes into view.
Found a gate leading back out of this place.
A kobold brigand and 2 kobolds come into view.
The kobold brigand is wielding a +0 whip and quivering poisoned darts.
The kobold shouts!
The jackal barks!
The kobold brigand shouts!
You reach to attack!
You hit the jackal. You burn the jackal.
The jackal is almost dead.
You barely miss the kobold brigand. You grab the kobold brigand.
You constrict the kobold brigand, but do no damage.
The kobold misses you.
The kobold brigand hits you with a +0 whip!
The jackal closely misses you. The kobold hits you but does no damage.
The kobold brigand hits you with a +0 whip.
You hit the jackal. You burn the jackal.
You kill the jackal!
You constrict the kobold brigand.
The kobold brigand hits you with a +0 whip.
The kobold completely misses you.
You closely miss the kobold. You grab the kobold.
You squeeze the kobold, but do no damage.
You constrict the kobold brigand. You constrict the kobold.
The kobold brigand hits you with a +0 whip.
* * * LOW HITPOINT WARNING * * *
The kobold hits you with a +0 dagger.
* * * LOW HITPOINT WARNING * * *
It was a potion of degeneration.
There was something very wrong with that liquid.
You feel weakened.
You feel dopey.
You feel clumsy.
You constrict the kobold brigand. You constrict the kobold.
The kobold brigand misses you. The kobold hits you but does no damage.
You barely miss the kobold brigand.
The kobold brigand is moderately wounded.
You constrict the kobold brigand. You constrict the kobold.
You kill the kobold!
The kobold brigand hits you with a +0 whip!
You die...

# ## ############ ∩#
..##. #...~~..~~.###.##
#.....#.~~~~~~.~.~.....
#.....#.~≈≈≈~~~~~~~~~~~
#....K)K~≈≈≈≈≈≈≈≈≈≈≈≈≈≈
...#@~≈≈≈~~~~~~~≈~~
#..~~~~..~~~....
#...~~~~~~~####
#########~## #~# #~#
#~# #~# #~#


You could see a kobold brigand and a kobold.

Vanquished Creatures
  An adder (D:4)
  2 river rats
  A worm (D:4)
  A giant cockroach (D:4)
  A jackal (Sewer)
  A quokka (D:4)
  A kobold (Sewer)
  7 rats
15 creatures vanquished.

Notes
Turn   | Place    | Note
-------+----------+-------------------------------------------
     0 | D:5      | croobank the Octopode Delver began the quest for the Orb.
     0 | D:5      | Reached XP level 1. HP: 16/16 MP: 1/1
    39 | D:5      | Noticed a scorpion
    57 | D:6      | Noticed a steam dragon
    88 | D:5      | Noticed an ice beast
    92 | D:4      | Noticed an orc priest
   114 | D:4      | Noticed a jelly
   143 | D:4      | Reached XP level 2. HP: 18/21 MP: 2/2
   201 | D:4      | Reached XP level 3. HP: 18/26 MP: 3/3
   242 | D:4      | Found a glowing drain.
   307 | Sewer    | Entered a sewer
   322 | Sewer    | Reached skill level 7 in Stealth
   351 | Sewer    | Noticed a kobold brigand
   359 | Sewer    | HP: 1/26 [kobold/+0 dagger (2)]
   361 | Sewer    | Mangled by a kobold brigand

Illustrated notes

Levels and vault maps discovered:
D:4:      layout_loops_ring, gup_sewer_entry_bubbles,
          chequers_serial_rivers_marsh
D:5:      kennysheep_six_static_rooms, layout_basic, lemuel_tele_altar,
          mainiacjoe_overflow_concentric_impassable, uniq_grinder
D:6:      layout_cave_pools, minmay_temple_entry_antechambers,
          kennysheep_generic_room_12
Sewer:    sewer_kobolds

Skill      XL: |  1  2  3 |
---------------+----------+-----
Stealth        | 7 |  7.0
Fighting       | |  3.4
Dodging        | |  2.5
Unarmed Combat | |  2.5

Action                   || total
-------------------------++-------
Melee: Trident           ||    31
       Constrict         ||     7
       Punch             ||     1
       Tentacles         ||     3
  Use: Scroll            ||     2
       Potion            ||     1
 Stab: Sleeping          ||    10
Armor: Skin              ||     3
Dodge: Dodged            ||    12
